 Dungeon Crawl Stone Soup version 0.31-a0-219-g8d62b2e7bb (webtiles) character file.

Game seed: 5154721796785235223

27 Crownlay the Digger (level 3, 19/19 HPs)
             Began as a Gargoyle Earth Elementalist on Apr 16, 2023.
             Quit the game on level 1 of the Dungeon on July 3, 2023.
             The game lasted 00:02:34 (1118 turns).

Crownlay the Digger (Gargoyle Earth Elementalist)   Turns: 1118, Time: 00:02:34

Health: 19/19      AC:  5    Str: 11    XL:     3   Next: 10%
Magic:  6/6        EV: 11    Int: 17    God:
Gold:   29         SH:  0    Dex: 10    Spells: 5/6 levels left

rFire   . . .        (no weapon)
rCold   . . .        (no shield)
rNeg    + . .        a - +0 robe
rPois   ∞            (no helmet)
rElec   +            (no cloak)
rCorr   .            (no gloves)
SInv    .            (no boots)
Will    .....        (no amulet)
Stlth   ++           (no ring)
HPRegen 0.23/turn    (no ring)
MPRegen 0.10/turn

%: no passive effects
@: no status effects
A: sickness immunity, AC +3, negative energy resistance 1, electricity
resistance, torment resistance 1, petrification resistance
a: no special abilities


You were on level 1 of the Dungeon.
You visited 1 branch of the dungeon, and saw 1 of its levels.

You collected 29 gold pieces.

Inventory:

Armour
 a - a +0 robe (worn)
Jewellery
 h - an amulet of magic regeneration
Scrolls
 c - 2 scrolls of noise {unknown}
 e - a scroll of immolation {unknown}
 g - a scroll of teleportation {unknown}
Potions
 b - a potion of magic
 d - a potion of attraction {unknown}
 f - 2 potions of enlightenment {unknown}
 i - a potion of resistance {unknown}


   Skills:
 - Level 1.5 Dodging
 - Level 2.1 Stealth
 - Level 2.0 Spellcasting
 - Level 0.7 Transmutations
 * Level 5.1 Earth Magic


You had 5 spell levels left.
You knew the following spells:

 Your Spells              Type           Power      Damage    Failure   Level
a - Sandblast             Erth           38%        2d10      2%          1

Your spell library contained the following spells:

 Spells                   Type           Power      Damage    Failure   Level
 Passwall                 Tmut/Erth      9%         N/A       9%          2
 Beastly Appendage        Tmut           8%         N/A       14%         1
 Stone Arrow              Conj/Erth      20%        3d8       21%         3
 Wereblood                Tmut           4%         N/A       22%         2
 Spider Form              Tmut/Pois      2%         N/A       45%         3
 Petrify                  Tmut/Erth      11%        N/A       52%         4


Dungeon Overview and Level Annotations

Branches:
Dungeon (1/15)

Altars:


Innate Abilities, Weirdness & Mutations

You are immune to sickness and miasma.
Your stone body is resilient. (AC +3)
You are immune to poison.
You resist negative energy. (rN+)
You are resistant to electric shocks. (rElec)
You are resistant to unholy torment.
You are immune to petrification.


Message History

You kill the kobold!
You can't see any susceptible monsters within range! (Use Z to cast anyway.)
You can't see any susceptible monsters within range! (Use Z to cast anyway.)
You can't see any susceptible monsters within range! (Use Z to cast anyway.)
You now have 29 gold pieces (gained 9).
i - a bubbling brown potion
Found 6 stones.
Done exploring.
Done exploring.
Done exploring.
Done exploring.
Done exploring.
You can't see any susceptible monsters within range! (Use Z to cast anyway.)
You can't see any susceptible monsters within range! (Use Z to cast anyway.)
You can't see any susceptible monsters within range! (Use Z to cast anyway.)
You can't see any susceptible monsters within range! (Use Z to cast anyway.) Done exploring.
Done exploring.
Done exploring.
Done exploring.
Welcome back, Crownlay the Gargoyle Earth Elementalist.
Press ? for a list of commands and other information.
Done exploring.
Done exploring.
Done exploring.
Done exploring.
Done exploring.
Search for what [? for help]? .
Unknown command.
Welcome back, Crownlay the Gargoyle Earth Elementalist.
Press ? for a list of commands and other information.
Welcome back, Crownlay the Gargoyle Earth Elementalist.
Press ? for a list of commands and other information.
Done exploring.
Done exploring.
Done exploring.
Done exploring.
Done exploring.
Done exploring.
Are you sure you want to abandon this character and quit the game? (Confirm with "yes".)

.............................#.#
.##.##.##....#####...#######.#.##
.##.##.####..# #.#............).#
.##.##.## #..# #.#...######.##.##
........###..# #.#...# #.##.#
.##.##.#.....# #.#.#.# #.##.#
.##.##.#.....# #.#.#.# #.##.#
.......>.....###.#.#.######.##.##
.##.##..........@............(..#
.....................######.##.##
.##...#......##..#..............#
......#..............######.##.##
......#.##...###.#.#.######.##.##
................................#
##..#.#..#...#####.#.#.####.##.##
...................#.......†##.#
.#...................#.####.##.#


There were no monsters in sight!

Vanquished Creatures
  A bat (D:1)
  5 endoplasms (D:1)
  3 giant cockroaches (D:1)
  A goblin (D:1)
  3 hobgoblins (D:1)
  A jackal (D:1)
  2 kobolds (D:1)
  A quokka (D:1)
  3 ball pythons (D:1)
  A frilled lizard (D:1)
  A rat (D:1)
22 creatures vanquished.

Notes
Turn   | Place    | Note
-------+----------+-------------------------------------------
     0 | D:1      | Crownlay the Gargoyle Earth Elementalist began the quest
                  | for the Orb.
     0 | D:1      | Reached XP level 1. HP: 10/10 MP: 3/3
    74 | D:1      | Reached skill level 4 in Earth Magic
   182 | D:1      | Reached XP level 2. HP: 15/15 MP: 3/5
   760 | D:1      | Reached XP level 3. HP: 19/19 MP: 2/6
   866 | D:1      | Reached skill level 5 in Earth Magic
  1118 | D:1      | Upgraded the game from 0.30-a0-1085-g990a428a5c to
                  | 0.30-a0-1123-gabc949cf19
  1118 | D:1      | Upgraded the game from 0.30-a0-1123-gabc949cf19 to
                  | 0.31-a0-219-g8d62b2e7bb
  1118 | D:1      | Quit the game

Illustrated notes

Levels and vault maps discovered:
D:1:      dpeg_arrival_brainrot, layout_basic, minmay_tiny_reverse_x

Skill      XL: |  1  2  3 |
---------------+----------+-----
Earth Magic    | 4 5 |  5.1
Dodging        | |  1.5
Stealth        | |  2.1
Spellcasting   | |  2.0
Transmutations | |  0.7

Action                     || total
---------------------------++-------
  Melee: Unarmed           ||     2
   Cast: Sandblast         ||    26
 Armour: Robe              ||     4
  Dodge: Dodged            ||     2

Table legend: (Time is in decaauts)
 A = Elapsed time spent in this place.
 B = Non-inter-level travel time spent in this place.
 C = Inter-level travel time spent in this place.
 D = Time resting spent in this place.
 E = Time spent auto-exploring this place.
 F = Levels seen in this place.
 G = Mean time per level.
                   A        B        C        D        E       F      G
               +--------+--------+--------+--------+--------+-----+--------+
         Total |   1131 |   1131 |      0 |      0 |   1015 |   1 | 1131.0 |
       Dungeon |   1131 |   1131 |      0 |      0 |   1015 |   1 | 1131.0 |
               +--------+--------+--------+--------+--------+-----+--------+

Top non-repeatable levels by time:
     D:1: 1131 daAuts
